 Dungeon Crawl Stone Soup version 0.30-a0-364-gf6b3ef1049 (webtiles) character file.

Game seed: 11726568282992541832

219 Essalna the Ruffian (level 5, -4/45 HPs)
             Began as a Draconian Transmuter on Nov 14, 2022.
             Splashed by a jelly's acid (9 damage)
             ... on level 5 of the Dungeon.
             The game lasted 00:05:52 (3101 turns).

Essalna the Ruffian (Draconian Transmuter)          Turns: 3101, Time: 00:05:53

Health: -4/45      AC: -3    Str: 14    XL:     5   Next: 64%
Magic:  7/8        EV: 12    Int: 14    God:
Gold:   166        SH:  0    Dex: 11    Spells: 3/8 levels left

rFire   . . .      SeeInvis .      - Unarmed
rCold   . . .      Faith    .    (no shield)
rNeg    . . .      Spirit   .    (body armour unavailable)
rPois   .          Reflect  .    (helmet currently unavailable)
rElec   .          Harm     .    (no cloak)
rCorr   .          Rampage  .    (no gloves)
Will    .....                    (boots currently unavailable)
Stlth   +.........               (no amulet)
HPRegen 0.27/turn                (no ring)
MPRegen 0.11/turn                (no ring)

@: about to teleport, appendages, corroded
A: horns 2, talons 2, AC +5, unfitting armour, cold-blooded
a: End Transformation


You were on level 5 of the Dungeon.
You had temporarily grown beastly horns and talons.
You visited 1 branch of the dungeon, and saw 5 of its levels.

You collected 166 gold pieces.

Inventory:

Jewellery
 f - a ring of fire
Scrolls
 b - 2 scrolls of teleportation
 c - 3 scrolls of identify
 g - a scroll of immolation
Potions
 a - a potion of lignification
 d - a potion of ambrosia
 e - 6 potions of curing
 h - a potion of berserk rage {unknown}


   Skills:
 - Level 3.0 Fighting
 - Level 1.7 Dodging
 - Level 4.0 Unarmed Combat
 - Level 2.0 Spellcasting
 + Level 3.9 Transmutations
 + Level 2.1 Ice Magic


You had 3 spell levels left.
You knew the following spells:

 Your Spells              Type           Power      Damage    Failure   Level
a - Beastly Appendage     Tmut           24%        N/A       4%          1
b - Ice Form              Ice/Tmut       9%         N/A       56%         4

Your spell library contained the following spells:

 Spells                   Type           Power      Damage    Failure   Level
 Wereblood                Tmut           12%        N/A       8%          2
 Sting                    Tmut/Pois      24%        1d4       11%         1
 Apportation              Tloc           2%         N/A       24%         1
 Magic Dart               Conj           4%         1d3       24%         1
 Spider Form              Tmut/Pois      6%         N/A       32%         3
 Poisonous Vapours        Pois/Air       2%         N/A       34%         2
 Searing Ray              Conj           2%         2d4       34%         2
 Inner Flame              Hex/Fire       1%         N/A       56%         3
 Flame Wave               Conj/Fire      1%         2d4       93%         4
 Fulminant Prism          Conj/Hex       0%         3d5       93%         4
 Olgreb's Toxic Radiance  Pois           1%         N/A       93%         4
 Sticky Flame             Conj/Fire      1%         2d3       93%         4
 Alistair's Intoxication  Tmut/Pois      4%         N/A       96%         5


Dungeon Overview and Level Annotations

Branches:
Dungeon (5/15)             Temple (0/1) D:5

Altars:
Fedhas
Ru

Shops:
D:1 [   D:5 =


Innate Abilities, Weirdness & Mutations

You have temporarily grown beastly horns and talons.
Your plain brown scales are hard. (AC +5)
You cannot fit into any form of body armour.
You are cold-blooded and may be slowed by cold attacks.


Message History

The adder closely misses you.
You hit the adder.
You kill the adder!
An orc comes into view. It is wielding a +0 dagger.
Found a ruby potion, a diamond ring and 5 stones.
Found a scroll of immolation.
Found an escape hatch in the ceiling.
A black bear comes into view.
There is an entrance to Edewoch's Jewellery Shop here.
Your transformation is almost over.
You see here a ring of fire.
f - a ring of fire A jelly comes into view.
The jelly quivers.
Casting: Beastly Appendage (safe; 4% risk of failure)
Confirm with . or Enter, or press ? or * to list all spells.
You extend your transformation's duration.
You hit the jelly but do no damage.
Your hands burn!
Your kick misses the jelly. You tail-slap the jelly.
The jelly is lightly wounded.
You hit the jelly but do no damage. The acid corrodes you!
Your hands burn!
You claw the jelly, but do no damage.
The jelly is lightly wounded.
The jelly barely misses you. The orc closely misses you.
You hit the jelly. The acid corrodes you!
Your hands burn!
The jelly is heavily wounded.
The jelly hits you.
You are splashed with acid.
* * * LOW HITPOINT WARNING * * *
The orc barely misses you.
You hit the jelly but do no damage.
Your hands burn!
* * * LOW HITPOINT WARNING * * *
You claw the jelly.
The jelly is heavily wounded.
The jelly barely misses you. The orc hits you with a +0 dagger.
* * * LOW HITPOINT WARNING * * *
As you read the scroll of teleportation, it crumbles to dust.
You feel strangely unstable. The jelly hits you.
* * * LOW HITPOINT WARNING * * *
You are splashed with acid!
You die...

#.#.#.#g#* *,,,,,,*,,~~~~
#.......######*****,,,,~~~~
**#....[......,,,,,,,,,~~~~
***#.######*,*******,~~~~
#()#...##,,,,,,,,,,~~~
##)#..?.,,,.,,,,,,,,,~
#<#...#*,.#**,**,,,,,
#.#...##.###*,,,,,,,,
#.#.@J......,,,,,,,,,
#.#.o.#.####*****,,,,
#####.....#,* *,,,,
#..!..∩...#,* ***,*
#.........#,*** ******,,*
#......~~~~..h***,,,,,,*,
#...../~≈≈~~~.,,,,,,,,,,,
#......~≈≈≈≈~~~,,*,,,,,,,
#####...~~≈≈≈≈~~~~,***~~~


You could see a jelly and an orc.

Vanquished Creatures
  A scorpion (D:4)
  A hound (D:4)
  3 gnolls (D:5)
  3 adders
  3 worms
  2 orcs
  10 endoplasms
  3 giant cockroaches (D:1)
  3 goblins
  5 hobgoblins
  4 jackals (D:1)
  6 kobolds
  4 quokkas
  2 ball pythons
  4 bats
  2 frilled lizards (D:1)
  5 rats
61 creatures vanquished.

Notes
Turn   | Place    | Note
-------+----------+-------------------------------------------
     0 | D:1      | Essalna the Draconian Transmuter began the quest for the
                  | Orb.
     0 | D:1      | Reached XP level 1. HP: 16/16 MP: 3/3
   117 | D:1      | Reached XP level 2. HP: 17/23 MP: 3/5
   377 | D:1      | Found Jiedup's Armour Shop.
   645 | D:1      | Reached XP level 3. HP: 28/29 MP: 3/6
  1307 | D:2      | Found a faded altar of an unknown god.
  1331 | D:2      | Found a blossoming altar of Fedhas.
  1867 | D:3      | Found a sacrificial altar of Ru.
  2304 | D:3      | Reached XP level 4. HP: 37/37 MP: 5/7
  2340 | D:3      | Learned a level 4 spell: Ice Form
  2519 | D:4      | Noticed a scorpion
  2533 | D:4      | Killed a scorpion
  2534 | D:4      | Reached skill level 4 in Unarmed Combat
  2534 | D:4      | Reached skill level 1 in Ice Magic
  2633 | D:4      | Reached XP level 5. HP: 41/45 MP: 6/8
  3053 | D:5      | Entered Level 5 of the Dungeon
  3053 | D:5      | Found Edewoch's Jewellery Shop.
  3090 | D:5      | Noticed a black bear
  3101 | D:5      | Splashed by a jelly's acid

Illustrated notes

Levels and vault maps discovered:
D:1:      eino_arrival_cavern_a, layout_basic, serial_shops,
          nicolae_lakefront_shop, minmay_pentomino_u4
D:2:      cheibrodos_helix_gallery, layout_loops_ring, basic_altar,
          basic_ecumenical_altar
D:3:      layout_basic, hangedman_ru_absence
D:4:      layout_rooms
D:5:      wander_river, layout_rooms, temple_pool_b, serial_glass,
          glass_columns_b, glass_columns_b, serial_shops,
          nicolae_shop_waterfront, shop,
          nicolae_shop_temple_entry_statues_fountains, shop, shop,
          gup_ossuary_entry_pyramid, uniq_menkaure

Skill      XL: |  1  2  3  4  5 |
---------------+----------------+-----
Fighting       | 2 3 |  3.0
Transmutations | 3 |  3.9
Unarmed Combat | 4 |  4.0
Ice Magic      | 1 2 |  2.1
Dodging        | |  1.7
Spellcasting   | |  2.0

Action                   |  1- 3 |  4- 6 || total
-------------------------+-------+-------++-------
Melee: Unarmed           |   131 |    65 ||   196
       Headbutt          |    16 |     7 ||    23
       Kick              |    26 |    18 ||    44
       Tailslap          |    10 |     7 ||    17
       Punch             |     2 |     1 ||     3
 Cast: Beastly Appendage |    32 |    15 ||    47
  Use: Scroll            |     6 |     5 ||    11
Armor: Skin              |    33 |    13 ||    46
Dodge: Dodged            |    89 |    38 ||   127

Table legend: (Time is in decaauts)
 A = Elapsed time spent in this place.
 B = Non-inter-level travel time spent in this place.
 C = Inter-level travel time spent in this place.
 D = Time resting spent in this place.
 E = Time spent auto-exploring this place.
 F = Levels seen in this place.
 G = Mean time per level.
                   A        B        C        D        E       F      G
               +--------+--------+--------+--------+--------+-----+--------+
         Total |   3096 |   2990 |    106 |      0 |   2454 |   5 |  619.2 |
       Dungeon |   3096 |   2990 |    106 |      0 |   2454 |   5 |  619.2 |
               +--------+--------+--------+--------+--------+-----+--------+

Top non-repeatable levels by time:
     D:1: 1126 daAuts
     D:2: 689 daAuts
     D:3: 682 daAuts
     D:4: 552 daAuts
     D:5: 46 daAuts
